 Dungeon Crawl Stone Soup version 0.29.0-4-gdea44cf6ec (webtiles) character file.

Game seed: 10820071852140088590

230 qw the Chopper (level 6, 0/35 HPs)
             Began as a Tengu Warper on Aug 28, 2022.
             Was an Initiate of Okawaru.
             Slain by a necrophage (5 damage)
             ... on level 4 of the Dungeon.
             The game lasted 00:00:13 (3119 turns).

qw the Chopper (Tengu Warper)                       Turns: 3119, Time: 00:00:14

Health: 0/35       AC:  3    Str: 13    XL:     6   Next: 3%
Magic:  9/10       EV: 15    Int: 14    God:    Okawaru [......]
Gold:   304        SH: 11    Dex: 13    Spells: 9/9 levels left

rFire   . . .      SeeInvis +   Y - +1 hand axe
rCold   . . .      Faith    .   e - +0 kite shield
rNeg    . . .      Spirit   .   b - +0 leather armour
rPois   +          Reflect  .   (helmet restricted)
rElec   .          Harm     .   (no cloak)
rCorr   .          Rampage  .   (no gloves)
Will    .....                   (boots unavailable)
Stlth   +++.......              (no amulet)
HPRegen 0.11/turn               d - ring of poison resistance
MPRegen 0.12/turn               i - ring of see invisible

@: heroic, flying quickly and evasively, quick
A: beak, talons 3, nimble flight
a: Renounce Religion


You were on level 4 of the Dungeon.
You worshipped Okawaru.
Okawaru was noncommittal.
You visited 1 branch of the dungeon, and saw 4 of its levels.

You collected 304 gold pieces.


Innate Abilities, Weirdness & Mutations

You have a beak for a mouth.
You have claws for feet.
Your magical nature lets you fly swiftly and evasively.


   Skills:
 - Level 2.0(7.0) Fighting
 + Level 4.9(9.9) Axes
 - Level 1.0(6.0) Throwing
 - Level 1.1(6.1) Armour
 - Level 2.1(7.1) Dodging
 - Level 3.8(8.8) Shields
 - Level 2.0 Spellcasting
 - Level 2.4 Translocations


You had 9 spell levels left.
You didn't know any spells.
Your spell library contained the following spells:

 Spells                   Type           Power      Damage    Failure   Level
 Blink                    Tloc           16%        N/A       36%         2
 Gell's Gravitas          Tloc           8%         N/A       61%         3
 Lesser Beckoning         Tloc           8%         N/A       61%         3
 Teleport Other           Tloc           8%         N/A       61%         3
 Manifold Assault         Tloc           8%         N/A       100%        5

Inventory:

Hand Weapons
 h - a +0 flail
 Y - a +1 hand axe (weapon)
Armour
 b - a +0 leather armour (worn)
 e - a +0 kite shield (worn)
 k - a +0 ring mail
Jewellery
 d - a ring of poison resistance (left hand)
 i - a ring of see invisible (right hand)
Scrolls
 g - 2 scrolls of identify
Potions
 a - 2 potions of curing {unknown}
 f - a potion of lignification {unknown}
 j - a potion of degeneration {unknown}

Dungeon Overview and Level Annotations

Branches:
Dungeon (4/15)
 Temple: D:4-7

Altars:
Okawaru


Message History

The phantom misses you. You block the necrophage's attack.
You hit the phantom. You claw the phantom.
You destroy the phantom!
Okawaru is honoured by your kill.
You can now gain great but temporary skills.
You hit the necrophage but do no damage.
The necrophage closely misses you.
Your life force feels restored.
You have reached level 6!
3111 ||| INVOKING Heroism.
You gain the combat prowess of a mighty hero.
You can no longer gain great but temporary skills.
The necrophage hits you.
You barely miss the necrophage.
The necrophage is lightly damaged.
Your surroundings seem slightly different.
You slash the necrophage!
You claw the necrophage, but do no damage.
You peck the necrophage.
The necrophage is heavily damaged.
The necrophage completely misses you.
You hit the necrophage. You claw the necrophage.
The necrophage is heavily damaged.
You block the necrophage's attack.
You hit the necrophage but do no damage.
You claw the necrophage.
The necrophage is heavily damaged.
The necrophage barely misses you.
You hit the necrophage but do no damage.
The necrophage is heavily damaged.
You block the necrophage's attack.
You closely miss the necrophage.
The necrophage is heavily damaged.
You barely miss the necrophage. Your kick misses the necrophage.
The necrophage is heavily damaged.
You block the necrophage's attack.
You barely miss the necrophage. You claw the necrophage.
The necrophage is severely damaged.
The necrophage hits you.
You die...

######....%###
....
#.......###....
#######........
#....!........
#.............
#.............
#..........###
#....n.....#
#....@.....#
#..........#
#..........#
############


You could see a necrophage.

Vanquished Creatures
  A phantom (D:4)
  A scorpion (D:4)
  Jessica (D:3)
  2 adders (D:3)
  A worm (D:4)
  A dart slug (D:2)
  2 orcs
  6 endoplasms
  5 giant cockroaches
  3 goblins (D:3)
  4 hobgoblins
  3 quokkas
  7 ball pythons
  3 bats (D:2)
  3 frilled lizards
  A kobold (D:1)
  5 rats
49 creatures vanquished.

Notes
Turn   | Place    | Note
-------+----------+-------------------------------------------
     0 | D:1      | qw the Tengu Warper began the quest for the Orb.
     0 | D:1      | Reached XP level 1. HP: 12/12 MP: 4/4
     0 | D:1      | 0 ||| qw: Version: 0.1-a-89-g26bdef1
     0 | D:1      | 0 ||| qw: Game counter: 1875
     0 | D:1      | 0 ||| qw: Always use a shield: true
     0 | D:1      | 0 ||| qw: God list: Okawaru
     0 | D:1      | 0 ||| qw: Allow faded altars: false
     0 | D:1      | 0 ||| qw: Do Orc after D:15 true
     0 | D:1      | 0 ||| qw: Do second Lair branch before Depths: true
     0 | D:1      | 0 ||| qw: Lair rune preference: random
     0 | D:1      | 0 ||| qw: Plans: Normal
     0 | D:1      | 0 ||| PLANNING D:1-11
    33 | D:1      | Found a faded altar of an unknown god.
   401 | D:1      | Reached XP level 2. HP: 17/17 MP: 6/6
   431 | D:1      | Reached skill level 3 in Axes
   948 | D:1      | 948 ||| READING scroll labelled MADUUJETECA.
   949 | D:1      | 949 ||| READING scroll labelled JUCLANA DUEKLO.
   950 | D:1      | 950 ||| DRINKING 2 glowing sapphire potions.
   951 | D:1      | 951 ||| DROPPING scroll of blinking.
   952 | D:1      | 952 ||| DROPPING potion of attraction.
  1004 | D:2      | 1004 ||| Stepping ~*~*~tactically~*~*~ (hiding).
  1041 | D:2      | 1041 ||| Stepping ~*~*~tactically~*~*~ (stealth).
  1141 | D:2      | Identified the +1 whip of Putes {vorpal, rElec rN+ Dex+3}
  1366 | D:2      | Reached XP level 3. HP: 20/21 MP: 7/7
  1370 | D:2      | 1370 ||| FLEEEEING.
  1371 | D:2      | 1371 ||| FLEEEEING.
  1372 | D:2      | 1372 ||| FLEEEEING.
  1373 | D:2      | 1373 ||| STAIRDANCE
  1412 | D:1      | 1412 ||| UPGRADING to ring of poison resistance.
  1413 | D:1      | 1413 ||| READING scroll labelled BOMAGR GOLOIBBU.
  1414 | D:1      | 1414 ||| READING scroll labelled GUIRES GAMPUMN.
  1490 | D:2      | 1490 ||| DROPPING +1 whip of Putes {vorpal, rElec rN+
                  | Dex+3}.
  1549 | D:2      | Reached skill level 4 in Axes
  1732 | D:2      | 1732 ||| UPGRADING to +0 kite shield.
  1737 | D:2      | 1737 ||| READING scroll labelled IKOTIWU UVIEF.
  1738 | D:2      | 1738 ||| READING scroll labelled GENEG LUXO.
  2001 | D:3      | Reached skill level 1 in Shields
  2067 | D:3      | Found an iron altar of Okawaru.
  2072 | D:3      | Became a worshipper of Warmaster Okawaru
  2437 | D:3      | Noticed Jessica
  2445 | D:3      | Killed Jessica
  2446 | D:3      | Reached XP level 4. HP: 26/26 MP: 8/8
  2635 | D:3      | 2635 ||| UPGRADING to ring of see invisible.
  2636 | D:3      | 2636 ||| READING 2 scrolls labelled GOEX SEMIU.
  2971 | D:4      | Noticed a scorpion
  2984 | D:4      | Killed a scorpion
  2985 | D:4      | Reached skill level 3 in Shields
  2985 | D:4      | Gained mutation: Your magical nature lets you fly swiftly
                  | and evasively. [Tengu growth]
  2985 | D:4      | Reached XP level 5. HP: 19/30 MP: 9/9
  3094 | D:4      | Noticed a phantom
  3108 | D:4      | HP: 6/27 [necrophage (3)]
  3109 | D:4      | 3109 ||| READING scroll of teleportation.
  3110 | D:4      | Killed a phantom
  3110 | D:4      | Reached * piety under Okawaru
  3111 | D:4      | Reached XP level 6. HP: 8/35 MP: 10/10
  3111 | D:4      | 3111 ||| INVOKING Heroism.
  3119 | D:4      | Slain by a necrophage

Levels and vault maps discovered:
D:1:      ebering_hopf_link, layout_loops_ring, basic_ecumenical_altar,
          nicolae_figureground_sparkle
D:2:      layout_basic, nrook_campfire
D:3:      layout_basic, okawaru_metal_pillars_3, uniq_jessica
D:4:      layout_basic, serial_shops, nicolae_shop_crystal

Skill      XL: |  1  2  3  4 |
---------------+-------------+-----
Axes           | 3 4 |  4.9
Shields        | 2 3 |  3.8
Fighting       | |  2.0
Throwing       | |  1.0
Armour         | |  1.1
Dodging        | |  2.1
Spellcasting   | |  2.0
Translocations | |  2.4

Action                   |  1- 3 |  4- 6 || total
-------------------------+-------+-------++-------
Melee: Hand axe          |    83 |    45 ||   128
       Kick              |    17 |    13 ||    30
       Peck              |    14 |     5 ||    19
Throw: Boomerang         |     7 |       ||     7
Invok: Heroism           |       |     1 ||     1
  Use: Scroll            |     6 |     2 ||     8
       Potion            |     1 |       ||     1
Armor: Leather armour    |    20 |     2 ||    22
Dodge: Dodged            |    39 |    22 ||    61
Block: Kite shield       |     2 |    16 ||    18

Table legend:
 A = Non-vault XP
 B = Vault XP
 C = Vault XP percentage of total XP
 D = Non-vault monster count
 E = Vault monster count
 F = Vault count percentage of total count
                 A         B        C        D         E       F
            +---------+---------+-------+---------+---------+-------
      Total |     292 |      37 |  11.2 |      48 |       1 |   2.0
            +---------+---------+-------+---------+---------+-------
        D:1 |      16 |       0 |   0.0 |      11 |       0 |   0.0
        D:2 |      30 |       0 |   0.0 |      17 |       0 |   0.0
        D:3 |      46 |      37 |  44.6 |      14 |       1 |   6.7
        D:4 |     200 |       0 |   0.0 |       6 |       0 |   0.0
            +---------+---------+-------+---------+---------+-------
